 Dungeon Crawl Stone Soup version 0.30-a0-166-g5d06c95188 (webtiles) character file.

Game seed: 6966548153406081474

50 Malachi the Ducker (level 3, -4/17 HPs)
             Began as a Felid Monk on Sept 29, 2022.
             Was a Priest of Nemelex Xobeh.
             Killed by divine providence
             ... invoked by an orc priest
              (11 damage)
             ... on level 3 of the Dungeon.
             The game lasted 00:02:31 (2797 turns).

Malachi the Ducker (Felid Monk)                     Turns: 2797, Time: 00:02:32

Health: -4/17      AC:  1    Str:  7    XL:     3   Next: 55%
Magic:  4/4        EV: 20    Int: 11    God:    Nemelex Xobeh [***...]
Gold:   231        SH:  0    Dex: 20    Spells: 2/2 levels left
                                        Lives:  0   Deaths: 0

rFire   . . .      SeeInvis +      - Unarmed
rCold   . . .      Faith    .    (shield unavailable)
rNeg    . . .      Spirit   .    (body armour unavailable)
rPois   .          Reflect  .    (helmet unavailable)
rElec   .          Harm     .    (cloak unavailable)
rCorr   .          Rampage  .    (gloves unavailable)
Will    .....                    (boots unavailable)
Stlth   +++.......               (no amulet)
HPRegen 0.05/turn                (no ring)
MPRegen 0.09/turn                (no ring)

@: quick
A: very small, claws 1, fangs 3, see invisible, speed 1, shaggy fur 1, stealthy
paws, no weapons or thrown items, no armour, multi-lived
a: Renounce Religion, Draw Escape, Draw Destruction, Draw Summoning, Triple Draw


You were on level 3 of the Dungeon.
You worshipped Nemelex Xobeh.
Nemelex Xobeh was most pleased with you.
You visited 1 branch of the dungeon, and saw 3 of its levels.

You collected 231 gold pieces.

Inventory:

Scrolls
 c - a scroll of vulnerability {unknown}
 f - 2 scrolls of identify {unknown}
 g - a scroll of magic mapping {unknown}
 h - a scroll of summoning {unknown}
 j - a scroll of fog {unknown}
 l - 3 scrolls of teleportation {unknown}
Potions
 a - a potion of might
 b - a potion of ambrosia
 d - a potion of invisibility {unknown}
 e - a potion of heal wounds {unknown}
 i - 2 potions of magic {unknown}
 k - a potion of curing {unknown}


   Skills:
 - Level 3.0 Fighting
 + Level 5.1 Dodging
 + Level 4.4 Stealth
 - Level 3.0 Unarmed Combat


You had 2 spell levels left.
You didn't know any spells.
Your spell library was empty.

Dungeon Overview and Level Annotations

Branches:
Dungeon (3/15)

Altars:
Nemelex Xobeh
Ru

Shops:
D:2 [


Innate Abilities, Weirdness & Mutations

You have sharp claws.
You have razor-sharp teeth.
You have supernaturally acute eyesight. (SInv)
You cover ground quickly. (Speed+)
You are covered in fur. (AC +1)
Your paws help you pounce on unaware monsters.
You are incapable of wielding weapons or throwing items.
You cannot wear armour.
You gain extra lives every three experience levels.


Message History

Done exploring.
Done exploring.
There is an open door here.
There is a stone staircase leading down here.
Done exploring.
Done exploring.
You climb downwards.
There is a stone staircase leading up here.
Unknown command.
A quokka comes into view.
A quokka is nearby!
A quokka is nearby!
A quokka is nearby!
You scratch the quokka but do no damage.
The quokka bites you but does no damage.
You scratch the quokka.
You kill the quokka!
No target in view!
No target in view!
You now have 216 gold pieces (gained 11).
Found a robe.
You see here a +0 robe.
You see here a +0 robe.
You now have 231 gold pieces (gained 15).
b - a potion of ambrosia An orc priest and an orc come into view.
The orc shouts!
You hear an angry hiss.
You hear a shout!
A ball python comes into view.
There are monsters nearby!
There are monsters nearby!
An orc comes into view. It is wielding a +0 club.
The orc priest mumbles some strange prayers to Beogh against you.
Pain shoots through your body!
Ouch! That really hurt!
You draw a card...
You have drawn the Elements.
The orc priest invokes the aid of Beogh against you.
Beogh smites you!
Ouch! That really hurt!
You die...
Your body glows slightly and disappears.

#.#
.........#
#.#
.........#
#.#
.........#
#.#
..o......#
#.#
...o.....#
#.# #....Yh.#
#.# #..9..#
#.# #.S@.#
#.#
##o..####.#
#........#
#.⌠.#..######
##.#...#
###...#
#.#..#
#.##..# ...
...#


You could see an orc priest, 2 orcs, a ball python (ally target), a friendly
catoblepas (summoned), a friendly polar bear (summoned) and a friendly molten
gargoyle (summoned).

Vanquished Creatures
  An adder (D:2)
  A worm (D:2)
  A dart slug (D:2)
  2 endoplasms
  4 giant cockroaches
  2 goblins
  A hobgoblin (D:1)
  3 jackals (D:1)
  3 kobolds
  2 quokkas
  3 ball pythons
  4 bats (D:2)
  A frilled lizard (D:2)
  4 rats
32 creatures vanquished.

Notes
Turn   | Place    | Note
-------+----------+-------------------------------------------
     0 | D:1      | Malachi the Felid Monk began the quest for the Orb.
     0 | D:1      | Reached XP level 1. HP: 10/10 MP: 2/2
   148 | D:1      | Found a faded altar of an unknown god.
   166 | D:1      | Reached XP level 2. HP: 11/14 MP: 3/3
   418 | D:1      | Prayed at the altar of an unknown god.
   418 | D:1      | Became a worshipper of Nemelex Xobeh the Trickster
   418 | D:1      | Reached * piety under Nemelex Xobeh
   418 | D:1      | Received a gift from Nemelex Xobeh
   418 | D:1      | Reached ** piety under Nemelex Xobeh
   418 | D:1      | Received a gift from Nemelex Xobeh
  1041 | D:2      | Found a sacrificial altar of Ru.
  1150 | D:2      | Reached *** piety under Nemelex Xobeh
  1333 | D:2      | Found Muepad's Armour Shoppe.
  1471 | D:2      | Reached XP level 3. HP: 17/17 MP: 4/4
  1498 | D:2      | Reached skill level 5 in Dodging
  1927 | D:2      | Received a gift from Nemelex Xobeh
  2797 | D:3      | Killed from afar by an orc priest

Illustrated notes

Levels and vault maps discovered:
D:1:      wheals_arrival_linesprint, layout_basic,
          hellmonk_ecumenical_altar_dog_temple
D:2:      layout_basic, basic_altar, serial_shops, nicolae_diamond_shop,
          wander_ebering_terrifying_dragon_lair
D:3:      layout_basic, grunt_decor_mini_mirrors, serial_bayou_pond_b,
          reono_crystal_passage, nrook_mini_vaults, nicolae_shop_vocational

Skill      XL: |  1  2  3 |
---------------+----------+-----
Stealth        | 3 4 |  4.4
Dodging        | 5 |  5.1
Fighting       | |  3.0
Unarmed Combat | |  3.0

Action                   || total
-------------------------++-------
Melee: Unarmed           ||    94
       Bite              ||     7
       Punch             ||     2
Invok: Draw Destruction  ||     4
       Draw Summoning    ||     1
  Use: Potion            ||     2
 Stab: Sleeping          ||     8
Armor: Skin              ||     2
Dodge: Dodged            ||    75

Table legend: (Time is in decaauts)
 A = Elapsed time spent in this place.
 B = Non-inter-level travel time spent in this place.
 C = Inter-level travel time spent in this place.
 D = Time resting spent in this place.
 E = Time spent auto-exploring this place.
 F = Levels seen in this place.
 G = Mean time per level.
                   A        B        C        D        E       F      G
               +--------+--------+--------+--------+--------+-----+--------+
         Total |   2437 |   2273 |    164 |    687 |   1290 |   3 |  812.3 |
       Dungeon |   2437 |   2273 |    164 |    687 |   1290 |   3 |  812.3 |
               +--------+--------+--------+--------+--------+-----+--------+

Top non-repeatable levels by time:
     D:2: 1370 daAuts
     D:1: 1000 daAuts
     D:3: 67 daAuts
